 Dungeon Crawl Stone Soup version 0.31.0-7-gf635a9b802 (webtiles) character file.

Game seed: 7966930341478558888

261 Dirian the Covered (level 5, 0/47 HPs)
             Began as a Minotaur Fighter on Jan 23, 2024.
             Slain by Herkes's ghost (8 damage)
             ... on level 3 of the Dungeon.
             The game lasted 00:03:22 (2193 turns).

Dirian the Covered (Minotaur Fighter)               Turns: 2193, Time: 00:03:22

Health: 0/47       AC:  7    Str: 29    XL:     5   Next: 96%
Magic:  4/4        EV: 10    Int:  5    God:
Gold:   99         SH:  6    Dex:  9    Spells: 4/4 levels left

rFire   + . .        a - +0 war axe
rCold   . . .        t - +2 buckler
rNeg    . . .        b - +0 scale mail
rPois   .            (helmet restricted)
rElec   .            (no cloak)
rCorr   .            (no gloves)
SInv    .            (no boots)
Will    .....        (no amulet) Stlth
                     g - ring of protection from fire
HPRegen 0.27/turn    s - +6 ring of strength
MPRegen 0.09/turn

%: no passive effects
@: mighty, lethally poisoned (0 -> -19)
A: horns 2, retaliatory headbutt
a: no special abilities


You were on level 3 of the Dungeon.
You visited 1 branch of the dungeon, and saw 3 of its levels.

You collected 99 gold pieces.

Inventory:

Hand Weapons
 a - a +0 war axe (weapon)
 q - a +0 flail
Missiles
 m - a throwing net (quivered)
 w - 2 boomerangs
Armour
 b - a +0 scale mail (worn)
 t - a +2 buckler (worn)
Jewellery
 g - a ring of protection from fire (left hand)
 s - a +6 ring of strength (right hand)
Scrolls
 e - 8 scrolls of identify {unknown}
 h - 2 scrolls of summoning {unknown}
 j - a scroll of amnesia {unknown}
 n - a scroll of enchant armour {unknown}
 o - 2 scrolls of noise {unknown}
 p - a scroll of immolation {unknown}
 r - a scroll of blinking {unknown}
 u - a scroll of revelation {unknown}
 v - 2 scrolls of vulnerability {unknown}
Potions
 c - a potion of berserk rage {unknown}
 f - a potion of mutation {unknown}
 i - 2 potions of haste {unknown}
 k - a potion of ambrosia {unknown}
 l - a potion of attraction {unknown}


   Skills:
 + Level 4.9 Fighting
 + Level 5.0 Axes
 + Level 5.3 Armour
 + Level 4.3 Shields


You had 4 spell levels left.
You didn't know any spells.
Your spell library contained the following spells:

 Spells                   Type           Power      Damage    Failure   Level
 Sublimation of Blood     Necr           0%         N/A       88%         2
 Inner Flame              Hex/Fire       0%         N/A       98%         3
 Summon Ice Beast         Ice/Summ       0%         N/A       98%         3
 Petrify                  Alch/Erth      0%         N/A       100%        4
 Irradiate                Conj/Alch      0%         3d11      100%        5
 Summon Mana Viper        Hex/Summ       0%         N/A       100%        5
 Monstrous Menagerie      Summ           0%         N/A       100%        7
 Ignition                 Fire           0%         3d3       100%        8


Dungeon Overview and Level Annotations

Branches:
Dungeon (3/15) Zot: 15765

Altars:

Shops:
D:3 [=*(

Portals:
Abyss: D:3

Annotations:
D:3 1 transporter, Herkes's ghost, amateur GnWn


Innate Abilities, Weirdness & Mutations

You have a pair of horns on your head.
You reflexively headbutt those who attack you in melee.


Message History

The orc hits you but does no damage.
You barely miss the orc. The orc hits you but does no damage.
You closely miss the orc. The orc hits you but does no damage. x2
You hit the orc.
The orc is severely wounded.
The orc misses you. You furiously retaliate!
You headbutt the orc!
You kill the orc!
No target in view!
No target in view!
No target in view!
No target in view!
No target in view!
Things that are here:
a +0 hand axe; a +0 ring mail; an orc corpse Partly explored, unvisited transporter.
Partly explored, unvisited transporter.
Partly explored, unvisited transporter.
Partly explored, unvisited transporter.
Search for what [Enter for "."]? .
There is an open door here.
There is a transporter here.
You enter the transporter and appear at another place.
A crimson imp comes into view.
Herkes's ghost turns its malevolent gaze towards you.
The crimson imp shouts!
Herkes's ghost hits you!
You are poisoned.
The crimson imp hits you but does no damage.
You feel very mighty all of a sudden.
You feel very sick. Herkes's ghost hits you!!
You are lethally poisoned!
The crimson imp blinks!
You closely miss Herkes's ghost.
You headbutt Herkes's ghost, but do no damage.
You closely miss the crimson imp.
* * * LOW HITPOINT WARNING * * *
You feel extremely sick. Herkes's ghost hits you!
You die...

#..........# #...........#.#.
#..........##### #.#####.......#.
#.>............###.######..PP..#.
..................>........P∩....
....................#####....P...
.......................<#........
......####....###...#####)..#####
...####.###..##W##....)).)....# #
...#....# #.##5^@#...####..##.###
...##.##..###.#5##...# #..##.#..
....##### ... ###....# #..##.#.#
........###.. ###....# #.......#
.........#.##K#......# #.###.###
....###..##∩..#......# #.# #....
...##5##..#. ##....## #.#######
..##...#.##... ##...# #........
..##.#.###. ###.#...#############


You could see Herkes's ghost, a crimson imp and a shadow imp.

Vanquished Creatures
  A bombardier beetle (D:3)
  Jessica (D:2)
  An orc wizard (D:3)
  Robin (D:2)
  7 gnolls
  2 adders (D:2)
  3 dart slugs
  9 orcs (D:3)
  2 endoplasms (D:3)
  17 goblins
  2 hobgoblins
  5 kobolds
  3 ball pythons
  4 bats
  6 frilled lizards
  8 rats
72 creatures vanquished.

Notes
Turn   | Place    | Note
-------+----------+-------------------------------------------
     0 | D:1      | Dirian the Minotaur Fighter began the quest for the Orb.
     0 | D:1      | Reached XP level 1. HP: 19/19 MP: 0/0
   249 | D:1      | Reached XP level 2. HP: 27/27 MP: 1/1
   544 | D:2      | Noticed Robin
   567 | D:2      | Reached XP level 3. HP: 20/33 MP: 2/2
   570 | D:2      | Killed Robin
   693 | D:2      | Noticed Jessica
   700 | D:2      | Killed Jessica
   701 | D:2      | Reached XP level 4. HP: 12/41 MP: 3/3
  1203 | D:2      | Reached XP level 5. HP: 47/47 MP: 4/4
  1372 | D:3      | Found a transporter.
  1419 | D:3      | Found Dimoojow's Assorted Antiques.
  1429 | D:3      | Reached skill level 5 in Armour
  1527 | D:3      | Found Seamujuos's Antique Weapon Shoppe.
  1562 | D:3      | Found a transporter.
  1565 | D:3      | Noticed an ancient zyme
  1572 | D:3      | Found a one-way gate to the infinite horrors of the Abyss.
  1572 | D:3      | Noticed Herkes's ghost (amateur GnWn)
  1582 | D:3      | Found Acosowk's Jewellery Shop.
  1827 | D:3      | Found Saomauf's Armour Shoppe.
  1839 | D:3      | Reached skill level 5 in Axes
  1943 | D:3      | Noticed a small abomination
  2193 | D:3      | Slain by Herkes's ghost

Illustrated notes

Levels and vault maps discovered:
D:1:      roderic_chinese_lattice_arrival, layout_rooms
D:2:      layout_basic, uniq_jessica, uniq_robin
D:3:      layout_basic, serial_shops, shop, nicolae_shop_tiny_real_fake_doors,
          nicolae_shop_temple_entry_statues_fountains,
          nicolae_shop_overgrown_old_shop, gammafunk_ghost_abyssal_escape,
          minmay_strange_pillars

Skill      XL: |  1  2  3  4  5 |
---------------+----------------+-----
Armour         | 4 5 |  5.3
Shields        | 4 |  4.3
Fighting       | 4 |  4.9
Axes           | 3 4 5 |  5.0

Action                     |  1- 3 |  4- 6 || total
---------------------------+-------+-------++-------
  Melee: War axe           |    63 |    57 ||   120
         Headbutt          |     9 |     9 ||    18
    Use: Potion            |     1 |     1 ||     2
 Armour: Scale mail        |    44 |    40 ||    84
  Dodge: Dodged            |    24 |    26 ||    50
  Block: Buckler           |     8 |     7 ||    15
